Eagles vs Barracuda

Created - April 2, 2023 at 20:47

Goals
1 2 3 T
Eagles 3 1 0 4
Barracuda 1 3 1 5
Shots
1 2 3 T
Eagles 6 11 12 29
Barracuda 8 19 3 30

1st period

1. Eagles , Michael Dal Colle 1 (Anthony Duclair 31, Keaton Middleton 6) at 11:39 (SH)
2. Barracuda , Emil Pettersson 16 (Scott Harrington 20, Brandon Kozun 38) at 12:31 (PP)
3. Eagles , Anthony Duclair 32 (Matteson Iacopelli 17, Jonathan Marchessault 52) at 13:48
4. Eagles , Nick Cousins 41 (Joseph Blandisi 33, Jonathan Marchessault 53) at 19:56

Penalties :
Eric Gustafsson (S.J) for Hooking (Minor) at 0:43, Xavier Ouellet (Col) for Tripping (Minor) at 10:36, Keaton Middleton (Col) for Roughing (Minor) at 16:07

2nd period

5. Barracuda , Cole Ully 24 (Eric Gustafsson 43, Kyle Platzer 15) at 6:07
6. Barracuda , Cole Ully 25 (Chris Wagner 23) at 7:59
7. Barracuda , Kurtis Macdermid 18 (Theodor Blueger 28, Eric Gustafsson 44) at 10:05
8. Eagles , Zach Aston-Reese 17 (Tyler Motte 12) at 17:52

Penalties :
No Penalty

3rd period

9. Barracuda , Justin Shugg 25 (Eric Gustafsson 45) at 12:06

Penalties :
Emil Pettersson (S.J) for Hooking (Minor) at 3:09

Goalie Stats

Antoine Bibeau (Col), 25 saves from 30 shots - (0.833), L, 12-9-1, 58:45 minutes
Joacim Eriksson (S.J), 25 saves from 29 shots - (0.862), W, 14-21-7, 60:00 minutes

Players Stats for Eagles

Player Name              G  A  P  +/- PIM S  H  SB GA TA FO     MP     PP MP  PK MP  
------------------------------------------------------------------------------------
Anthony Duclair          1  1  2   1  0   4  1  0  0  0  0/0    18:22   1:43   0:35 
Chris Calhan             0  0  0  -1  0   1  0  1  0  1  0/0    12:25   0:03   0:00 
Dominik Kubalik          0  0  0   0  0   0  0  0  0  0  0/0     0:00   0:00   0:00 
Drake Caggiula           0  0  0   0  0   1  1  0  1  0  8/19   17:29   1:43   1:05 
Gabriel Vilardi          0  0  0   0  0   0  0  0  1  0  0/1     8:11   0:00   0:00 
Jared McCann             0  0  0   0  0   0  1  0  1  0  1/1     8:11   0:00   0:00 
John Ramage              0  0  0   1  0   0  2  3  1  1  0/0    29:55   2:27   2:18 
Jonathan Marchessault    0  2  2   0  0   2  0  0  0  2  21/27  20:28   2:05   2:14 
Jonathan Racine          0  0  0   1  0   3  4  3  0  0  0/0    21:44   2:27   2:06 
Joseph Blandisi          0  1  1   0  0   2  2  2  0  0  1/1    19:29   2:12   1:05 
Keaton Middleton         0  1  1  -1  2   2  1  1  0  2  0/0    22:10   1:31   0:51 
Marian Studenic          0  0  0   0  0   0  0  0  0  0  0/0     0:00   0:00   0:00 
Mark Friedman            0  0  0   1  0   0  1  1  0  0  0/0    14:49   0:00   0:12 
Matteson Iacopelli       0  1  1   0  0   3  2  0  1  0  0/1    16:24   1:43   0:00 
Max Lajoie               0  0  0   1  0   0  1  1  0  0  0/0     6:51   0:00   1:24 
Michael Carcone          0  0  0   0  0   0  0  0  0  0  0/0     8:11   0:00   0:00 
Michael Dal Colle        1  0  1   1  0   1  1  0  0  0  0/0     1:49   0:00   0:35 
Nick Cousins             1  0  1   0  0   7  4  1  3  1  0/0    20:28   2:05   2:14 
Pascal Laberge           0  0  0   0  0   0  0  0  0  0  0/0     0:00   0:00   0:00 
Pius Suter               0  0  0   0  0   0  1  0  1  0  0/0     2:05   0:10   0:00 
Sam Steel                0  0  0   0  0   0  0  0  0  1  0/0     2:05   0:10   0:00 
Tyler Motte              0  1  1  -1  0   1  3  0  0  0  0/0    10:18   0:00   0:00 
Xavier Ouellet           0  0  0  -3  2   1  0  0  0  0  0/0    24:22   1:31   0:57 
Zach Aston-Reese         1  0  1  -1  0   1  0  0  0  1  5/8    10:18   0:00   0:00 

Players Stats for Barracuda

Player Name              G  A  P  +/- PIM S  H  SB GA TA FO     MP     PP MP  PK MP  
------------------------------------------------------------------------------------
Alex Henriksson          0  0  0  -1  0   2  0  1  0  0  0/0    10:34   0:00   1:04 
Brandon Kozun            0  1  1  -1  0   4  3  0  1  1  2/4    19:57   2:04   0:00 
Chris Wagner             0  1  1   1  0   0  3  0  0  1  0/0    10:40   0:00   0:00 
Cole Ully                2  0  2   1  0   2  3  0  0  0  0/0    11:07   0:00   0:00 
Emil Pettersson          1  0  1  -1  2   1  2  0  1  0  12/30  21:03   2:04   1:01 
Eric Gustafsson          0  3  3   1  2   1  3  4  1  0  0/0    26:33   2:49   1:15 
Jerome Gauthier-Leduc    0  0  0  -1  0   0  1  1  0  1  0/0    12:12   0:00   0:00 
Justin Shugg             1  0  1   1  0   2  1  0  0  0  0/2    16:41   1:50   1:08 
Kurtis Macdermid         1  0  1   1  0   1  0  0  0  0  0/0    17:06   1:50   0:48 
Kyle Platzer             0  1  1   1  0   1  0  0  0  1  0/1    11:29   0:00   0:43 
Logan Stanley            0  0  0  -1  0   0  2  2  1  0  0/0    13:47   0:00   0:51 
Mario Lucia              0  0  0  -1  0   1  1  0  0  0  0/0     8:45   0:00   0:00 
Noah Gregor              0  0  0  -1  0   1  1  0  1  1  1/2    10:52   0:00   0:48 
Robin Norell             0  0  0   0  0   0  0  4  0  1  0/0    20:08   1:05   1:52 
Samuel Groulx            0  0  0   0  0   1  0  2  1  1  0/0    20:08   1:05   1:52 
Scott Harrington         0  1  1   1  0   2  3  1  0  1  0/0    27:25   2:49   2:06 
Theodor Blueger          0  1  1   1  0   5  2  0  1  0  7/16   15:34   1:50   0:25 
William Carrier          0  0  0  -1  0   6  0  2  2  1  0/3    21:35   2:04   1:59 

3 Stars

1 - Cole Ully (S.J)
2 - Eric Gustafsson (S.J)
3 - Anthony Duclair (Col)

Power Play

Eagles - 0 on 2 Attempt(s) - 0.00%
Barracuda - 1 on 2 Attempt(s) - 50.00%

Penalty Kill

Eagles - 1 on 2 Attempt(s) - 50.00% - Score 1 goal in Penalty Kill
Barracuda - 2 on 2 Attempt(s) - 100.00% - Score 0 goal in Penalty Kill

Team Stat

Eagles - Hits : 25 - Faceoff Wins : 36 - Blocked Shots : 13 - Penalty Minutes : 4
Barracuda - Hits : 25 - Faceoff Wins : 22 - Blocked Shots : 17 - Penalty Minutes : 4

Official

Referees : Brandon Schrader and Francois St. Laurent
Linesman : Kory Nagy and Ryan Gibbons

Game Notes

Max Lajoie is injured at 3:52 of 2nd period (Sports Hernia)

Finance

Level 1 -- Attendance: 1695 (84.75%) -- Ticket Income $59,325
Level 2 -- Attendance: 938 (93.80%) -- Ticket Income $14,070
Total Attendance: 2633 (87.77%)
Total Ticket Income: $73,395
Other Income: $3,670
Total Income: $77,065

Eagles

5 vs 5 Forward 
   Center                   Left Wing                Right Wing               Time % Phy DF OF 
 1 Jonathan Marchessault    Joseph Blandisi          Nick Cousins             40     1   2  2  
 2 Drake Caggiula           Anthony Duclair          Matteson Iacopelli       30     1   2  2  
 3 Zach Aston-Reese         Tyler Motte              Chris Calhan             20     1   2  2  
 4 Jared McCann             Michael Carcone          Gabriel Vilardi          10     1   2  2  

5 vs 5 Defense 
   Defense                  Defense                                           Time % Phy DF OF 
 1 John Ramage              Jonathan Racine                                   40     1   2  2  
 2 Xavier Ouellet           Keaton Middleton                                  30     1   2  2  
 3 Mark Friedman            Max Lajoie                                        20     1   2  2  
 4 John Ramage              Jonathan Racine                                   10     1   2  2  

PowerPlay Forward 
   Center                   Left Wing                Right Wing               Time % Phy DF OF 
 1 Jonathan Marchessault    Joseph Blandisi          Nick Cousins             60     1   2  2  
 2 Drake Caggiula           Anthony Duclair          Matteson Iacopelli       40     1   2  2  

PowerPlay Defense
   Defense                  Defense                                           Time % Phy DF OF 
 1 John Ramage              Jonathan Racine                                   60     1   2  2  
 2 Xavier Ouellet           Keaton Middleton                                  40     1   2  2  

Penalty Kill 4 Players Forward 
   Center                   Wing                     Time % Phy DF OF 
 1 Jonathan Marchessault    Nick Cousins             60     1   2  2  
 2 Drake Caggiula           Joseph Blandisi          40     1   2  2  

Penalty Kill 4 Players Defense
   Defense                  Defense                  Time % Phy DF OF 
 1 John Ramage              Jonathan Racine          60     1   2  2  
 2 Xavier Ouellet           Keaton Middleton         40     1   2  2  

Penalty Kill - 3 Players Forward 
   Forward                                           Time % Phy DF OF 
 1 Jonathan Marchessault                             60     1   2  2  
 2 Nick Cousins                                      40     1   2  2  

Penalty Kill - 3 Players Defense
   Defense                  Defense                  Time % Phy DF OF 
 1 John Ramage              Jonathan Racine          60     1   2  2  
 2 Xavier Ouellet           Keaton Middleton         40     1   2  2  

4 vs 4 Forward 
   Center                   Wing                     Time % Phy DF OF 
 1 Jonathan Marchessault    Nick Cousins             60     1   2  2  
 2 Drake Caggiula           Joseph Blandisi          40     1   2  2  

4 vs 4 Defense
   Defense                  Defense                  Time % Phy DF OF 
 1 John Ramage              Jonathan Racine          60     1   2  2  
 2 Xavier Ouellet           Keaton Middleton         40     1   2  2  

Last Minutes Offensive
   Center                   Left Wing                Right Wing               Defense                  Defense                  
   Jonathan Marchessault    Joseph Blandisi          Nick Cousins             John Ramage              Jonathan Racine          

Last Minutes Defensive
   Center                   Left Wing                Right Wing               Defense                  Defense                  
   Jonathan Marchessault    Joseph Blandisi          Nick Cousins             John Ramage              Jonathan Racine          

Goaltenders
Starting : Antoine Bibeau           
Backup : Adin Hill                

Extra Forwards
Normal : Sam Steel, Pius Suter, Michael Dal Colle - PP : Sam Steel, Pius Suter - PK : Michael Dal Colle
Extra Defensemen
Normal : Mark Friedman, Max Lajoie, Xavier Ouellet - PP : Mark Friedman - PK : Max Lajoie, Xavier Ouellet
Penalty Shots
Jonathan Marchessault, Nick Cousins, Drake Caggiula, Joseph Blandisi, Anthony Duclair

Scratches
Connor Carrick (Healthy), Ryan Murphy (Back Spasms Injury), Walker Duehr (Healthy), Jamie Phillips (Healthy)

Barracuda

5 vs 5 Forward 
   Center                   Left Wing                Right Wing               Time % Phy DF OF 
 1 Emil Pettersson          William Carrier          Brandon Kozun            40     0   2  3  
 2 Theodor Blueger          Kurtis Macdermid         Justin Shugg             30     0   2  3  
 3 Kyle Platzer             Cole Ully                Chris Wagner             20     1   2  2  
 4 Noah Gregor              Alex Henriksson          Mario Lucia              10     1   2  2  

5 vs 5 Defense 
   Defense                  Defense                                           Time % Phy DF OF 
 1 Eric Gustafsson          Scott Harrington                                  40     1   2  2  
 2 Samuel Groulx            Robin Norell                                      30     1   2  2  
 3 Logan Stanley            Jerome Gauthier-Leduc                             20     1   2  2  
 4 Eric Gustafsson          Scott Harrington                                  10     1   2  2  

PowerPlay Forward 
   Center                   Left Wing                Right Wing               Time % Phy DF OF 
 1 Emil Pettersson          William Carrier          Brandon Kozun            60     0   2  3  
 2 Theodor Blueger          Kurtis Macdermid         Justin Shugg             40     0   2  3  

PowerPlay Defense
   Defense                  Defense                                           Time % Phy DF OF 
 1 Eric Gustafsson          Scott Harrington                                  60     0   2  3  
 2 Samuel Groulx            Robin Norell                                      40     0   2  3  

Penalty Kill 4 Players Forward 
   Center                   Wing                     Time % Phy DF OF 
 1 Emil Pettersson          William Carrier          60     1   4  0  
 2 Noah Gregor              Kurtis Macdermid         40     1   4  0  

Penalty Kill 4 Players Defense
   Defense                  Defense                  Time % Phy DF OF 
 1 Eric Gustafsson          Scott Harrington         60     1   4  0  
 2 Samuel Groulx            Robin Norell             40     1   4  0  

Penalty Kill - 3 Players Forward 
   Forward                                           Time % Phy DF OF 
 1 Emil Pettersson                                   60     1   4  0  
 2 Noah Gregor                                       40     1   4  0  

Penalty Kill - 3 Players Defense
   Defense                  Defense                  Time % Phy DF OF 
 1 Eric Gustafsson          Scott Harrington         60     1   4  0  
 2 Samuel Groulx            Robin Norell             40     1   4  0  

4 vs 4 Forward 
   Center                   Wing                     Time % Phy DF OF 
 1 Emil Pettersson          William Carrier          60     0   2  3  
 2 Theodor Blueger          Kurtis Macdermid         40     0   2  3  

4 vs 4 Defense
   Defense                  Defense                  Time % Phy DF OF 
 1 Eric Gustafsson          Scott Harrington         60     1   2  2  
 2 Samuel Groulx            Robin Norell             40     1   2  2  

Last Minutes Offensive
   Center                   Left Wing                Right Wing               Defense                  Defense                  
   Emil Pettersson          William Carrier          Brandon Kozun            Eric Gustafsson          Scott Harrington         

Last Minutes Defensive
   Center                   Left Wing                Right Wing               Defense                  Defense                  
   Emil Pettersson          William Carrier          Brandon Kozun            Eric Gustafsson          Scott Harrington         

Goaltenders
Starting : Joacim Eriksson          
Backup : Joni Ortio               

Extra Forwards
Normal : Justin Shugg, Cole Ully, Chris Wagner - PP : Justin Shugg, Cole Ully - PK : Justin Shugg
Extra Defensemen
Normal : Robin Norell, Logan Stanley, Jerome Gauthier-Leduc - PP : Robin Norell - PK : Robin Norell, Logan Stanley
Penalty Shots
Brandon Kozun, William Carrier, Emil Pettersson, Kurtis Macdermid, Justin Shugg

Scratches
Alex Lintuniemi (Healthy), Aleksi Heponiemi (Healthy), Ben Jones (Healthy), Jacob Peterson (Healthy), Scott Reedy (Healthy)
Jaedon Descheneau (Healthy), Thomas Gobeil (Healthy), Jordan Gross (Healthy), Drew O'Connor (Healthy), Dennis Cholowski (Healthy)
Alexei Toropchenko (Healthy)

% Time on Ice - Eagles

Lines # - Real PCT - Wanted PCT - Time Play
Normal Forward
1 - 35% - 40% - 17:52
2 - 29% - 30% - 14:41
3 - 20% - 20% - 10:18
4 - 16% - 10% - 8:11
Normal Defense
1 - 33% - 40% - 16:39
2 - 38% - 30% - 19:34
3 - 27% - 20% - 13:51
4 - 2% - 10% - 0:58
PP Forward
1 - 57% - 60% - 2:15
2 - 43% - 40% - 1:43
PP Defense
1 - 62% - 60% - 2:27
2 - 38% - 40% - 1:31
PK Forward
1 - 72% - 60% - 2:49
2 - 28% - 40% - 1:05
PK Defense
1 - 54% - 60% - 2:06
2 - 46% - 40% - 1:48
PK3 Forward
1 - 0% - 60%
2 - 0% - 40%
PK3 Defense
1 - 0% - 60%
2 - 0% - 40%
44 Forward
1 - 0% - 60%
2 - 0% - 40%
44 Defense
1 - 0% - 60%
2 - 0% - 40%
Last Minute Offensive  - 1:06
Last Minute Defensive  - 0:00
Total
Forward - 60:00
Defense - 60:00

% Time on Ice - Barracuda

Lines # - Real PCT - Wanted PCT - Time Play
Normal Forward
1 - 33% - 40% - 16:52
2 - 29% - 30% - 14:44
3 - 21% - 20% - 10:43
4 - 17% - 10% - 8:42
Normal Defense
1 - 39% - 40% - 19:43
2 - 34% - 30% - 17:11
3 - 23% - 20% - 11:32
4 - 5% - 10% - 2:35
PP Forward
1 - 53% - 60% - 2:04
2 - 47% - 40% - 1:50
PP Defense
1 - 72% - 60% - 2:49
2 - 28% - 40% - 1:05
PK Forward
1 - 80% - 60% - 3:10
2 - 20% - 40% - 0:48
PK Defense
1 - 53% - 60% - 2:06
2 - 47% - 40% - 1:52
PK3 Forward
1 - 0% - 60%
2 - 0% - 40%
PK3 Defense
1 - 0% - 60%
2 - 0% - 40%
44 Forward
1 - 0% - 60%
2 - 0% - 40%
44 Defense
1 - 0% - 60%
2 - 0% - 40%
Last Minute Offensive  - 0:00
Last Minute Defensive  - 1:07
Total
Forward - 60:00
Defense - 60:00

Play-by-Play

1st period


0:01 of 1st period - Jonathan Marchessault wins face-off versus Emil Pettersson in neutral zone.
0:43 of 1st period - Minor Penalty to Eric Gustafsson for Hooking.
0:44 of 1st period - Jonathan Marchessault wins face-off versus Emil Pettersson in Barracuda zone.
1:20 of 1st period - Slapshot by Anthony Duclair.
1:20 of 1st period - Shot Blocked by Scott Harrington.
2:19 of 1st period - John Ramage is hit by Noah Gregor and loses puck.
2:43 of 1st period - Penalty to Eric Gustafsson is over, Eric Gustafsson is back on ice.
3:03 of 1st period - Backhand shot by Noah Gregor.
3:03 of 1st period - Shot Blocked by Mark Friedman.
3:11 of 1st period - Snap shot by Noah Gregor.
3:11 of 1st period - Stopped by Antoine Bibeau with a rebound.
3:19 of 1st period - Snap shot by Kurtis Macdermid.
3:19 of 1st period - Shot Blocked by Max Lajoie.
3:59 of 1st period - Snap shot by Eric Gustafsson.
3:59 of 1st period - Shot Misses the Net.
4:05 of 1st period - Scott Harrington is hit by Pius Suter and loses puck.
4:18 of 1st period - Snap shot by Pius Suter.
4:18 of 1st period - Shot Blocked by Logan Stanley.
4:34 of 1st period - Snap shot by Chris Calhan.
4:34 of 1st period - Stopped by Joacim Eriksson without a rebound.
4:35 of 1st period - Emil Pettersson wins face-off versus Drake Caggiula in Barracuda zone.
5:00 of 1st period - Robin Norell is hit by Jonathan Racine and loses puck.
5:07 of 1st period - Gabriel Vilardi is hit by Chris Wagner and loses puck.
5:24 of 1st period - Emil Pettersson is hit by Nick Cousins and loses puck.
5:37 of 1st period - John Ramage is hit by Chris Wagner and loses puck.
6:10 of 1st period - Jerome Gauthier-Leduc is hit by Jared McCann and loses puck.
6:44 of 1st period - Snap shot by Alex Henriksson.
6:44 of 1st period - Shot Misses the Net.
7:10 of 1st period - Jerome Gauthier-Leduc is hit by Michael Dal Colle and loses puck.
7:19 of 1st period - Wrist shot by Tyler Motte.
7:19 of 1st period - Stopped by Joacim Eriksson with a rebound.
7:58 of 1st period - Anthony Duclair is hit by Brandon Kozun and loses puck.
8:23 of 1st period - Robin Norell is hit by Jonathan Racine.
8:40 of 1st period - Cole Ully is hit by Jonathan Racine.
8:48 of 1st period - Chris Wagner is hit by Joseph Blandisi and loses puck.
9:15 of 1st period - Emil Pettersson is hit by Max Lajoie.
10:13 of 1st period - Kyle Platzer is hit by Tyler Motte and loses puck.
10:36 of 1st period - Minor Penalty to Xavier Ouellet for Tripping.
10:37 of 1st period - Jonathan Marchessault wins face-off versus Emil Pettersson in Eagles zone.
10:37 of 1st period - Jonathan Marchessault is hit by Eric Gustafsson.
11:39 of 1st period - Wrist shot by Michael Dal Colle.
11:39 of 1st period - Goal by Michael Dal Colle - Eagles : 1 - Barracuda : 0.
11:40 of 1st period - Jonathan Marchessault wins face-off versus Emil Pettersson in neutral zone.
11:53 of 1st period - Snap shot by Brandon Kozun.
11:53 of 1st period - Stopped by Antoine Bibeau with a rebound.
11:55 of 1st period - Snap shot by Brandon Kozun.
11:55 of 1st period - Stopped by Antoine Bibeau with a rebound.
12:09 of 1st period - Wrist shot by Theodor Blueger.
12:09 of 1st period - Deflect By Nick Cousins.
12:09 of 1st period - Shot Misses the Net.
12:09 of 1st period - Puck is out of play.
12:10 of 1st period - Jonathan Marchessault wins face-off versus Theodor Blueger in Eagles zone.
12:27 of 1st period - Snap shot by Brandon Kozun.
12:27 of 1st period - Stopped by Antoine Bibeau with a rebound.
12:29 of 1st period - Slapshot by Scott Harrington.
12:29 of 1st period - Shot Misses the Net.
12:31 of 1st period - Snap shot by Emil Pettersson.
12:31 of 1st period - Goal by Emil Pettersson - Eagles : 1 - Barracuda : 1.
12:32 of 1st period - Brandon Kozun wins face-off versus Drake Caggiula in neutral zone.
12:57 of 1st period - Chris Calhan is hit by Justin Shugg and loses puck.
13:10 of 1st period - Wrist shot by Eric Gustafsson.
13:10 of 1st period - Shot Blocked by John Ramage.
13:20 of 1st period - Slapshot by Chris Wagner.
13:20 of 1st period - Shot Misses the Net.
13:48 of 1st period - Snap shot by Anthony Duclair.
13:48 of 1st period - Goal by Anthony Duclair - Eagles : 2 - Barracuda : 1.
13:49 of 1st period - Emil Pettersson wins face-off versus Drake Caggiula in neutral zone.
14:02 of 1st period - Backhand shot by William Carrier.
14:02 of 1st period - Deflect By Brandon Kozun.
14:02 of 1st period - Stopped by Antoine Bibeau with a rebound.
14:19 of 1st period - Wrist shot by Kurtis Macdermid.
14:19 of 1st period - Shot Blocked by Chris Calhan.
14:21 of 1st period - Snap shot by Kurtis Macdermid.
14:21 of 1st period - Deflect By Justin Shugg.
14:21 of 1st period - Shot Misses the Net.
14:21 of 1st period - Puck is out of play.
14:22 of 1st period - Jonathan Marchessault wins face-off versus Theodor Blueger in Eagles zone.
14:58 of 1st period - Anthony Duclair is hit by Brandon Kozun and loses puck.
15:17 of 1st period - Mark Friedman is hit by Cole Ully and loses puck.
15:48 of 1st period - Joseph Blandisi is hit by Jerome Gauthier-Leduc and loses puck.
15:53 of 1st period - Snap shot by Theodor Blueger.
15:53 of 1st period - Shot Blocked by Joseph Blandisi.
15:56 of 1st period - Icing by Jonathan Marchessault.
15:57 of 1st period - Jonathan Marchessault wins face-off versus Emil Pettersson in Eagles zone.
16:02 of 1st period - Wrist shot by William Carrier.
16:02 of 1st period - Stopped by Antoine Bibeau without a rebound.
16:03 of 1st period - Emil Pettersson wins face-off versus Drake Caggiula in Eagles zone.
16:04 of 1st period - Snap shot by William Carrier.
16:04 of 1st period - Stopped by Antoine Bibeau without a rebound.
16:05 of 1st period - Drake Caggiula wins face-off versus Emil Pettersson in Eagles zone.
16:07 of 1st period - Minor Penalty to Keaton Middleton for Roughing.
16:08 of 1st period - Emil Pettersson wins face-off versus Jonathan Marchessault in Eagles zone.
16:36 of 1st period - Scott Harrington is hit by Jonathan Racine and loses puck.
18:05 of 1st period - Eric Gustafsson is hit by John Ramage and loses puck.
18:07 of 1st period - Penalty to Keaton Middleton is over, Keaton Middleton is back on ice.
19:42 of 1st period - Snap shot by Nick Cousins.
19:42 of 1st period - Stopped by Joacim Eriksson without a rebound.
19:43 of 1st period - Jonathan Marchessault wins face-off versus Kyle Platzer in Barracuda zone.
19:56 of 1st period - Snap shot by Nick Cousins.
19:56 of 1st period - Goal by Nick Cousins - Eagles : 3 - Barracuda : 1.
19:57 of 1st period - Emil Pettersson wins face-off versus Zach Aston-Reese in neutral zone.
Goals for this period are 3 for Eagles vs 1 for Barracuda.
Shots for this period are 6 for Eagles vs 8 for Barracuda.

2nd period


0:01 of 2nd period - Drake Caggiula wins face-off versus Emil Pettersson in neutral zone.
0:06 of 2nd period - Snap shot by Anthony Duclair.
0:06 of 2nd period - Stopped by Joacim Eriksson with a rebound.
0:28 of 2nd period - Wrist shot by Tyler Motte.
0:28 of 2nd period - Shot Misses the Net.
0:34 of 2nd period - Slapshot by Scott Harrington.
0:34 of 2nd period - Shot Blocked by Keaton Middleton.
0:36 of 2nd period - Snap shot by Justin Shugg.
0:36 of 2nd period - Shot Misses the Net.
1:34 of 2nd period - Slapshot by Jared McCann.
1:34 of 2nd period - Shot Misses the Net.
2:03 of 2nd period - Snap shot by Mario Lucia.
2:03 of 2nd period - Deflect By Noah Gregor.
2:03 of 2nd period - Shot Misses the Net.
2:03 of 2nd period - Puck is out of play.
2:04 of 2nd period - Emil Pettersson wins face-off versus Drake Caggiula in Eagles zone.
2:05 of 2nd period - Snap shot by Brandon Kozun.
2:05 of 2nd period - Shot Misses the Net.
2:45 of 2nd period - Xavier Ouellet is hit by Theodor Blueger and loses puck.
3:18 of 2nd period - Jonathan Racine is hit by Logan Stanley and loses puck.
3:51 of 2nd period - Max Lajoie is hit by Emil Pettersson and loses puck.
3:52 of 2nd period - Max Lajoie from Eagles is injured at 3:52 of 2nd period (Sports Hernia).
3:53 of 2nd period - Drake Caggiula wins face-off versus Emil Pettersson in Eagles zone.
4:08 of 2nd period - Scott Harrington is hit by John Ramage and loses puck.
4:28 of 2nd period - Wrist shot by William Carrier.
4:28 of 2nd period - Shot Misses the Net.
4:46 of 2nd period - Slapshot by Scott Harrington.
4:46 of 2nd period - Stopped by Antoine Bibeau with a rebound.
4:50 of 2nd period - Wrist shot by Theodor Blueger.
4:50 of 2nd period - Stopped by Antoine Bibeau without a rebound.
4:51 of 2nd period - Drake Caggiula wins face-off versus Theodor Blueger in Eagles zone.
5:05 of 2nd period - Icing by Kurtis Macdermid.
5:06 of 2nd period - Jonathan Marchessault wins face-off versus Theodor Blueger in Barracuda zone.
5:20 of 2nd period - Snap shot by Nick Cousins.
5:20 of 2nd period - Stopped by Joacim Eriksson with a rebound.
5:31 of 2nd period - Icing by Anthony Duclair.
5:32 of 2nd period - Drake Caggiula wins face-off versus Emil Pettersson in Eagles zone.
6:05 of 2nd period - Wrist shot by Cole Ully.
6:05 of 2nd period - Shot Misses the Net.
6:07 of 2nd period - Backhand shot by Cole Ully.
6:07 of 2nd period - Goal by Cole Ully - Eagles : 3 - Barracuda : 2.
6:08 of 2nd period - Emil Pettersson wins face-off versus Drake Caggiula in neutral zone.
6:11 of 2nd period - Snap shot by William Carrier.
6:11 of 2nd period - Shot Misses the Net.
6:13 of 2nd period - Snap shot by Brandon Kozun.
6:13 of 2nd period - Deflect By William Carrier.
6:13 of 2nd period - Stopped by Antoine Bibeau without a rebound.
6:14 of 2nd period - Emil Pettersson wins face-off versus Drake Caggiula in Eagles zone.
6:21 of 2nd period - Snap shot by William Carrier.
6:21 of 2nd period - Stopped by Antoine Bibeau with a rebound.
6:58 of 2nd period - Wrist shot by Matteson Iacopelli.
6:58 of 2nd period - Stopped by Joacim Eriksson with a rebound.
7:23 of 2nd period - Wrist shot by Anthony Duclair.
7:23 of 2nd period - Stopped by Joacim Eriksson with a rebound.
7:25 of 2nd period - Backhand shot by Anthony Duclair.
7:25 of 2nd period - Shot Blocked by Eric Gustafsson.
7:27 of 2nd period - Wrist shot by Matteson Iacopelli.
7:27 of 2nd period - Shot Misses the Net.
7:29 of 2nd period - Slapshot by Jonathan Racine.
7:29 of 2nd period - Deflect By Anthony Duclair.
7:29 of 2nd period - Shot Misses the Net.
7:29 of 2nd period - Puck is out of play.
7:30 of 2nd period - Jonathan Marchessault wins face-off versus Emil Pettersson in Barracuda zone.
7:31 of 2nd period - Backhand shot by Nick Cousins.
7:31 of 2nd period - Stopped by Joacim Eriksson with a rebound.
7:59 of 2nd period - Snap shot by Cole Ully.
7:59 of 2nd period - Goal by Cole Ully - Eagles : 3 - Barracuda : 3.
8:00 of 2nd period - Jonathan Marchessault wins face-off versus Emil Pettersson in neutral zone.
8:07 of 2nd period - Snap shot by Nick Cousins.
8:07 of 2nd period - Deflect By Jonathan Marchessault.
8:07 of 2nd period - Shot Misses the Net.
8:07 of 2nd period - Puck is out of play.
8:08 of 2nd period - Emil Pettersson wins face-off versus Jonathan Marchessault in Barracuda zone.
8:17 of 2nd period - Snap shot by Nick Cousins.
8:17 of 2nd period - Shot Misses the Net.
8:19 of 2nd period - Slapshot by Xavier Ouellet.
8:19 of 2nd period - Shot Blocked by Jerome Gauthier-Leduc.
8:21 of 2nd period - Slapshot by Xavier Ouellet.
8:21 of 2nd period - Shot Misses the Net.
8:33 of 2nd period - Wrist shot by Drake Caggiula.
8:33 of 2nd period - Stopped by Joacim Eriksson without a rebound.
8:34 of 2nd period - Theodor Blueger wins face-off versus Drake Caggiula in Barracuda zone.
8:34 of 2nd period - Theodor Blueger is hit by Anthony Duclair.
8:40 of 2nd period - Snap shot by Theodor Blueger.
8:40 of 2nd period - Stopped by Antoine Bibeau without a rebound.
8:41 of 2nd period - Theodor Blueger wins face-off versus Zach Aston-Reese in Eagles zone.
9:11 of 2nd period - Slapshot by Eric Gustafsson.
9:11 of 2nd period - Shot Blocked by Jonathan Racine.
9:13 of 2nd period - Slapshot by Scott Harrington.
9:13 of 2nd period - Stopped by Antoine Bibeau with a rebound.
9:15 of 2nd period - Snap shot by Kyle Platzer.
9:15 of 2nd period - Stopped by Antoine Bibeau with a rebound.
9:17 of 2nd period - Slapshot by Scott Harrington.
9:17 of 2nd period - Shot Blocked by John Ramage.
9:19 of 2nd period - Wrist shot by Kyle Platzer.
9:19 of 2nd period - Shot Blocked by John Ramage.
9:31 of 2nd period - Snap shot by William Carrier.
9:31 of 2nd period - Deflect By Brandon Kozun.
9:31 of 2nd period - Shot Blocked by Jonathan Racine.
9:31 of 2nd period - Puck is out of play.
9:32 of 2nd period - Jonathan Marchessault wins face-off versus William Carrier in Eagles zone.
9:47 of 2nd period - Snap shot by William Carrier.
9:47 of 2nd period - Stopped by Antoine Bibeau without a rebound.
9:48 of 2nd period - Drake Caggiula wins face-off versus Theodor Blueger in Eagles zone.
9:53 of 2nd period - Wrist shot by Matteson Iacopelli.
9:53 of 2nd period - Stopped by Joacim Eriksson without a rebound.
9:54 of 2nd period - Drake Caggiula wins face-off versus Theodor Blueger in Barracuda zone.
10:03 of 2nd period - Wrist shot by Theodor Blueger.
10:03 of 2nd period - Shot Misses the Net.
10:05 of 2nd period - Snap shot by Kurtis Macdermid.
10:05 of 2nd period - Goal by Kurtis Macdermid - Eagles : 3 - Barracuda : 4.
10:06 of 2nd period - Brandon Kozun wins face-off versus Jonathan Marchessault in neutral zone.
10:22 of 2nd period - Snap shot by Emil Pettersson.
10:22 of 2nd period - Deflect By William Carrier.
10:22 of 2nd period - Shot Blocked by Joseph Blandisi.
10:22 of 2nd period - Puck is out of play.
10:23 of 2nd period - Zach Aston-Reese wins face-off versus Theodor Blueger in Eagles zone.
10:27 of 2nd period - Off-side.
10:28 of 2nd period - Theodor Blueger wins face-off versus Zach Aston-Reese in neutral zone.
10:33 of 2nd period - Tyler Motte is hit by Scott Harrington and loses puck.
11:23 of 2nd period - Snap shot by Matteson Iacopelli.
11:23 of 2nd period - Shot Blocked by Robin Norell.
11:29 of 2nd period - Slapshot by Anthony Duclair.
11:29 of 2nd period - Shot Blocked by Robin Norell.
12:51 of 2nd period - Drake Caggiula is hit by Cole Ully and loses puck.
13:12 of 2nd period - Snap shot by Jared McCann.
13:12 of 2nd period - Shot Blocked by Alex Henriksson.
13:23 of 2nd period - Icing by Michael Carcone.
13:24 of 2nd period - Zach Aston-Reese wins face-off versus Brandon Kozun in Eagles zone.
13:36 of 2nd period - Snap shot by Brandon Kozun.
13:36 of 2nd period - Shot Misses the Net.
14:01 of 2nd period - Wrist shot by William Carrier.
14:01 of 2nd period - Stopped by Antoine Bibeau with a rebound.
14:17 of 2nd period - Wrist shot by William Carrier.
14:17 of 2nd period - Shot Misses the Net.
14:19 of 2nd period - Slapshot by Samuel Groulx.
14:19 of 2nd period - Stopped by Antoine Bibeau without a rebound.
14:20 of 2nd period - Jonathan Marchessault wins face-off versus Theodor Blueger in Eagles zone.
14:29 of 2nd period - Slapshot by Eric Gustafsson.
14:29 of 2nd period - Stopped by Antoine Bibeau with a rebound.
14:45 of 2nd period - Xavier Ouellet is hit by Chris Wagner and loses puck.
14:52 of 2nd period - Snap shot by Chris Wagner.
14:52 of 2nd period - Deflect By Cole Ully.
14:52 of 2nd period - Shot Misses the Net.
14:52 of 2nd period - Puck is out of play.
14:53 of 2nd period - Theodor Blueger wins face-off versus Matteson Iacopelli in Eagles zone.
14:54 of 2nd period - Snap shot by Kurtis Macdermid.
14:54 of 2nd period - Shot Misses the Net.
14:56 of 2nd period - Wrist shot by Theodor Blueger.
14:56 of 2nd period - Stopped by Antoine Bibeau with a rebound.
15:05 of 2nd period - Icing by Anthony Duclair.
15:06 of 2nd period - Emil Pettersson wins face-off versus Drake Caggiula in Eagles zone.
15:19 of 2nd period - Brandon Kozun is hit by Matteson Iacopelli.
15:31 of 2nd period - Matteson Iacopelli is hit by Cole Ully and loses puck.
15:56 of 2nd period - Snap shot by Theodor Blueger.
15:56 of 2nd period - Shot Misses the Net.
15:58 of 2nd period - Slapshot by Theodor Blueger.
15:58 of 2nd period - Stopped by Antoine Bibeau without a rebound.
15:59 of 2nd period - Theodor Blueger wins face-off versus Jonathan Marchessault in Eagles zone.
16:14 of 2nd period - Wrist shot by Justin Shugg.
16:14 of 2nd period - Stopped by Antoine Bibeau without a rebound.
16:15 of 2nd period - Zach Aston-Reese wins face-off versus William Carrier in Eagles zone.
16:40 of 2nd period - Justin Shugg is hit by Joseph Blandisi and loses puck.
17:10 of 2nd period - Wrist shot by Matteson Iacopelli.
17:10 of 2nd period - Shot Blocked by Robin Norell.
17:43 of 2nd period - Logan Stanley is hit by Tyler Motte and loses puck.
17:52 of 2nd period - Snap shot by Zach Aston-Reese.
17:52 of 2nd period - Goal by Zach Aston-Reese - Eagles : 4 - Barracuda : 4.
17:53 of 2nd period - Joseph Blandisi wins face-off versus Emil Pettersson in neutral zone.
18:04 of 2nd period - Wrist shot by Nick Cousins.
18:04 of 2nd period - Stopped by Joacim Eriksson with a rebound.
18:06 of 2nd period - Snap shot by Joseph Blandisi.
18:06 of 2nd period - Deflect By Eric Gustafsson.
18:06 of 2nd period - Stopped by Joacim Eriksson without a rebound.
18:07 of 2nd period - Jonathan Marchessault wins face-off versus Emil Pettersson in Barracuda zone.
18:08 of 2nd period - Wrist shot by Nick Cousins.
18:08 of 2nd period - Stopped by Joacim Eriksson with a rebound.
19:07 of 2nd period - Robin Norell is hit by Tyler Motte and loses puck.
19:11 of 2nd period - Icing by Alex Henriksson.
19:12 of 2nd period - Jonathan Marchessault wins face-off versus Noah Gregor in Barracuda zone.
19:19 of 2nd period - Joseph Blandisi is hit by Mario Lucia and loses puck.
19:24 of 2nd period - Wrist shot by Mario Lucia.
19:24 of 2nd period - Deflect By Alex Henriksson.
19:24 of 2nd period - Stopped by Antoine Bibeau without a rebound.
19:25 of 2nd period - Jonathan Marchessault wins face-off versus William Carrier in Eagles zone.
19:36 of 2nd period - Wrist shot by Jonathan Marchessault.
19:36 of 2nd period - Shot Misses the Net.
19:49 of 2nd period - Icing by Eric Gustafsson.
19:50 of 2nd period - Theodor Blueger wins face-off versus Drake Caggiula in Barracuda zone.
19:57 of 2nd period - Snap shot by Theodor Blueger.
19:57 of 2nd period - Stopped by Antoine Bibeau without a rebound.
19:58 of 2nd period - Jonathan Marchessault wins face-off versus Emil Pettersson in Eagles zone.
19:58 of 2nd period - Jonathan Marchessault is hit by Scott Harrington.
Goals for this period are 1 for Eagles vs 3 for Barracuda.
Shots for this period are 11 for Eagles vs 19 for Barracuda.

3rd period


0:01 of 3rd period - Jonathan Marchessault wins face-off versus Emil Pettersson in neutral zone.
0:01 of 3rd period - Jonathan Marchessault is hit by Eric Gustafsson.
0:05 of 3rd period - Emil Pettersson is hit by Nick Cousins and loses puck.
0:16 of 3rd period - Snap shot by Scott Harrington.
0:16 of 3rd period - Shot Blocked by Jonathan Racine.
1:05 of 3rd period - Slapshot by Samuel Groulx.
1:05 of 3rd period - Deflect By Mario Lucia.
1:05 of 3rd period - Stopped by Antoine Bibeau with a rebound.
1:07 of 3rd period - Slapshot by Samuel Groulx.
1:07 of 3rd period - Deflect By Alex Henriksson.
1:07 of 3rd period - Stopped by Antoine Bibeau with a rebound.
1:29 of 3rd period - Snap shot by Nick Cousins.
1:29 of 3rd period - Shot Misses the Net.
1:31 of 3rd period - Snap shot by Jonathan Marchessault.
1:31 of 3rd period - Shot Misses the Net.
1:33 of 3rd period - Wrist shot by Jonathan Marchessault.
1:33 of 3rd period - Shot Blocked by Robin Norell.
1:35 of 3rd period - Slapshot by Nick Cousins.
1:35 of 3rd period - Shot Blocked by Samuel Groulx.
2:10 of 3rd period - Wrist shot by Zach Aston-Reese.
2:10 of 3rd period - Shot Misses the Net.
2:12 of 3rd period - Slapshot by Xavier Ouellet.
2:12 of 3rd period - Stopped by Joacim Eriksson with a rebound.
2:14 of 3rd period - Slapshot by Keaton Middleton.
2:14 of 3rd period - Stopped by Joacim Eriksson with a rebound.
2:23 of 3rd period - Off-side.
2:24 of 3rd period - Noah Gregor wins face-off versus Gabriel Vilardi in neutral zone.
2:38 of 3rd period - Alex Henriksson is hit by Mark Friedman and loses puck.
3:09 of 3rd period - Minor Penalty to Emil Pettersson for Hooking.
3:10 of 3rd period - Jonathan Marchessault wins face-off versus Justin Shugg in Barracuda zone.
3:15 of 3rd period - Wrist shot by Nick Cousins.
3:15 of 3rd period - Stopped by Joacim Eriksson without a rebound.
3:16 of 3rd period - Jonathan Marchessault wins face-off versus Justin Shugg in Barracuda zone.
3:23 of 3rd period - Snap shot by Jonathan Marchessault.
3:23 of 3rd period - Stopped by Joacim Eriksson with a rebound.
3:25 of 3rd period - Snap shot by Nick Cousins.
3:25 of 3rd period - Shot Blocked by Eric Gustafsson.
3:27 of 3rd period - Slapshot by Jonathan Marchessault.
3:27 of 3rd period - Shot Blocked by William Carrier.
3:29 of 3rd period - Slapshot by Jonathan Racine.
3:29 of 3rd period - Deflect By Eric Gustafsson.
3:29 of 3rd period - Stopped by Joacim Eriksson with a rebound.
3:31 of 3rd period - Snap shot by Nick Cousins.
3:31 of 3rd period - Shot Blocked by Eric Gustafsson.
4:43 of 3rd period - Nick Cousins is hit by Theodor Blueger and loses puck.
5:09 of 3rd period - Penalty to Emil Pettersson is over, Emil Pettersson is back on ice.
5:37 of 3rd period - Icing by Logan Stanley.
5:38 of 3rd period - Jared McCann wins face-off versus Brandon Kozun in Barracuda zone.
5:41 of 3rd period - Wrist shot by Jared McCann.
5:41 of 3rd period - Shot Misses the Net.
5:49 of 3rd period - Snap shot by Emil Pettersson.
5:49 of 3rd period - Shot Misses the Net.
6:03 of 3rd period - Icing by Kurtis Macdermid.
6:04 of 3rd period - Theodor Blueger wins face-off versus Drake Caggiula in Barracuda zone.
6:04 of 3rd period - Theodor Blueger is hit by Drake Caggiula.
6:15 of 3rd period - Wrist shot by Anthony Duclair.
6:15 of 3rd period - Stopped by Joacim Eriksson with a rebound.
6:32 of 3rd period - Slapshot by John Ramage.
6:32 of 3rd period - Deflect By Jonathan Marchessault.
6:32 of 3rd period - Shot Blocked by Eric Gustafsson.
6:32 of 3rd period - Puck is out of play.
6:33 of 3rd period - Emil Pettersson wins face-off versus Jonathan Marchessault in Barracuda zone.
6:52 of 3rd period - Xavier Ouellet is hit by Emil Pettersson and loses puck.
7:09 of 3rd period - Wrist shot by Kyle Platzer.
7:09 of 3rd period - Shot Misses the Net.
8:01 of 3rd period - John Ramage is hit by Logan Stanley and loses puck.
8:16 of 3rd period - Snap shot by Cole Ully.
8:16 of 3rd period - Shot Misses the Net.
9:16 of 3rd period - Xavier Ouellet is hit by Scott Harrington and loses puck.
9:59 of 3rd period - Snap shot by Matteson Iacopelli.
9:59 of 3rd period - Shot Misses the Net.
10:01 of 3rd period - Slapshot by Jonathan Racine.
10:01 of 3rd period - Stopped by Joacim Eriksson with a rebound.
10:03 of 3rd period - Wrist shot by Matteson Iacopelli.
10:03 of 3rd period - Shot Blocked by Samuel Groulx.
10:05 of 3rd period - Slapshot by Jonathan Racine.
10:05 of 3rd period - Stopped by Joacim Eriksson with a rebound.
10:07 of 3rd period - Wrist shot by Matteson Iacopelli.
10:07 of 3rd period - Stopped by Joacim Eriksson with a rebound.
10:09 of 3rd period - Slapshot by Matteson Iacopelli.
10:09 of 3rd period - Shot Misses the Net.
11:02 of 3rd period - Snap shot by Anthony Duclair.
11:02 of 3rd period - Shot Misses the Net.
11:04 of 3rd period - Slapshot by John Ramage.
11:04 of 3rd period - Shot Blocked by Logan Stanley.
11:14 of 3rd period - Slapshot by Alex Henriksson.
11:14 of 3rd period - Shot Misses the Net.
11:22 of 3rd period - Noah Gregor is hit by Nick Cousins and loses puck.
12:06 of 3rd period - Slapshot by Justin Shugg.
12:06 of 3rd period - Goal by Justin Shugg - Eagles : 4 - Barracuda : 5.
12:07 of 3rd period - Emil Pettersson wins face-off versus Jonathan Marchessault in neutral zone.
12:41 of 3rd period - Snap shot by Cole Ully.
12:41 of 3rd period - Shot Misses the Net.
13:23 of 3rd period - Off-side.
13:24 of 3rd period - Drake Caggiula wins face-off versus Emil Pettersson in neutral zone.
13:53 of 3rd period - Snap shot by Chris Wagner.
13:53 of 3rd period - Shot Misses the Net.
14:14 of 3rd period - Off-side.
14:15 of 3rd period - Zach Aston-Reese wins face-off versus Theodor Blueger in neutral zone.
14:17 of 3rd period - Off-side.
14:18 of 3rd period - Zach Aston-Reese wins face-off versus Emil Pettersson in neutral zone.
14:25 of 3rd period - Chris Calhan is hit by Brandon Kozun and loses puck.
14:30 of 3rd period - Wrist shot by William Carrier.
14:30 of 3rd period - Shot Misses the Net.
14:32 of 3rd period - Backhand shot by Emil Pettersson.
14:32 of 3rd period - Shot Misses the Net.
14:44 of 3rd period - Snap shot by Kurtis Macdermid.
14:44 of 3rd period - Shot Blocked by Nick Cousins.
14:54 of 3rd period - Wrist shot by Nick Cousins.
14:54 of 3rd period - Shot Misses the Net.
15:14 of 3rd period - Chris Wagner is hit by Matteson Iacopelli and loses puck.
15:45 of 3rd period - Alex Henriksson is hit by Keaton Middleton and loses puck.
17:42 of 3rd period - Alex Henriksson is hit by Nick Cousins and loses puck.
18:18 of 3rd period - Snap shot by Jared McCann.
18:18 of 3rd period - Shot Blocked by William Carrier.
18:30 of 3rd period - Xavier Ouellet is hit by Eric Gustafsson and loses puck.
18:43 of 3rd period - Snap shot by Jared McCann.
18:43 of 3rd period - Shot Misses the Net.
18:45 of 3rd period - Eagles, Antoine Bibeau is pulled from the net.
19:01 of 3rd period - Wrist shot by Nick Cousins.
19:01 of 3rd period - Shot Misses the Net.
19:17 of 3rd period - Snap shot by Joseph Blandisi.
19:17 of 3rd period - Shot Misses the Net.
19:19 of 3rd period - Slapshot by Keaton Middleton.
19:19 of 3rd period - Stopped by Joacim Eriksson with a rebound.
19:43 of 3rd period - Wrist shot by Joseph Blandisi.
19:43 of 3rd period - Deflect By Jonathan Marchessault.
19:43 of 3rd period - Deflect By Emil Pettersson.
19:43 of 3rd period - Stopped by Joacim Eriksson with a rebound.
19:47 of 3rd period - Slapshot by Joseph Blandisi.
19:47 of 3rd period - Stopped by Joacim Eriksson without a rebound.
19:48 of 3rd period - Joël Bouchard call a timeout for Eagles.
19:48 of 3rd period - Jonathan Marchessault wins face-off versus Emil Pettersson in Barracuda zone.
Goals for this period are 0 for Eagles vs 1 for Barracuda.
Shots for this period are 12 for Eagles vs 3 for Barracuda.